 Dungeon Crawl Stone Soup version 0.30.0 (webtiles) character file.

Game seed: 4957481165220489021

3 Esekla the Grave Robber (level 1, -3/13 HPs)
             Began as a Demonspawn Wanderer on May 6, 2023.
             Slain by a kobold
             ... wielding a +2 dagger of electrocution
              (15 damage)
             ... on level 1 of the Dungeon.
             The game lasted 00:01:13 (141 turns).

Esekla the Grave Robber (Demonspawn Wanderer)        Turns: 141, Time: 00:01:13

Health: -3/13      AC:  3    Str:  9    XL:     1   Next: 41%
Magic:  2/2        EV: 12    Int: 18    God:
Gold:   0          SH:  0    Dex: 10    Spells: 2/2 levels left

rFire   . . .        a - +0 dagger
rCold   . . .        (no shield)
rNeg    . . .        c - +0 robe
rPois   .            (no helmet)
rElec   .            (no cloak)
rCorr   .            d - +0 pair of gloves
SInv    .            (no boots)
Will    .....        (no amulet)
Stlth   +            (no ring)
HPRegen 0.22/turn    (no ring)
MPRegen 0.08/turn

%: no passive effects
@: no status effects
A: no striking features
a: no special abilities


You were on level 1 of the Dungeon.
You visited 1 branch of the dungeon, and saw 1 of its levels.

Inventory:

Hand Weapons
 a - a +0 dagger (weapon)
Armour
 c - a +0 robe (worn)
 d - a +0 pair of gloves (worn)
Scrolls
 b - a scroll of blinking
Potions
 e - a potion of curing {unknown}


   Skills:
 * Level 0.1 Fighting
 * Level 0.1 Short Blades
 + Level 1.7 Dodging
 * Level 1.0 Spellcasting
 + Level 3.3 Necromancy
 + Level 2.7 Fire Magic
 + Level 1.0 Evocations


You had 2 spell levels left.
You didn't know any spells.
Your spell library contained the following spells:

 Spells                   Type           Power      Damage    Failure   Level
 Necrotise                Necr           52%        1d6       4%          1
 Scorch                   Fire           20%        2d5       10%         2
 Foxfire                  Conj/Fire      20%        2x1d5     12%         1
 Vampiric Draining        Necr           13%        2d6       16%         3
 Volatile Blastmotes      Fire/Tloc      10%        2d10      34%         3


Dungeon Overview and Level Annotations

Branches:
Dungeon (1/15)

Altars:


Message History

HP restored.
e - an amethyst potion A kobold comes into view.
It is wielding a +2 dagger of electrocution.
A ball python and a frilled lizard come into view.
The ball python hisses angrily.
The frilled lizard hisses angrily.
The ball python bites you. The ball python barely misses you.
The ball python attacks as you move away!
The ball python bites you.
You closely miss the ball python. The ball python bites you.
The ball python barely misses you.
You hit the ball python.
The ball python is moderately wounded.
The ball python bites you. The ball python closely misses you.
You closely miss the ball python.
The ball python is moderately wounded.
The ball python closely misses you. The ball python misses you.
You hit the ball python but do no damage.
The ball python is moderately wounded.
The ball python misses you. x2
The ball python bites you but does no damage.
The ball python closely misses you.
You barely miss the ball python.
The ball python is moderately wounded.
The ball python bites you. The ball python closely misses you.
You hit the ball python.
You kill the ball python!
The kobold throws a stone.
The stone hits you.
The kobold throws a stone.
The stone barely misses you.
The frilled lizard hisses.
The kobold throws a stone.
The stone misses you.
There is an open door here.
You close the door.
You start waiting.
A kobold is nearby!
You hit the kobold but do no damage. The kobold completely misses you.
You closely miss the kobold.
The kobold hits you with a +2 dagger of electrocution.
You are electrocuted!
Ouch! That really hurt!
You die...

####(........###
###...............
#.......⌠...⌠.....
##...⌠.........⌠..
#.........≈.......
#...⌠...........⌠.
#<.....≈.....≈....
#.(.⌠...........⌠.
#@........≈.......
###K..⌠.........⌠..
#.+......⌠...⌠.....
#.##...............
##.#####.........###
#....#############
#.##..K...# #.#.###
#.##.##.#l# #..K.Kl
####.##.#.####.#####


You could see a kobold.

Vanquished Creatures
  An endoplasm (D:1)
  A hobgoblin (D:1)
  A ball python (D:1)
3 creatures vanquished.

Notes
Turn   | Place    | Note
-------+----------+-------------------------------------------
     0 | D:1      | Esekla the Demonspawn Wanderer began the quest for the Orb.
     0 | D:1      | Esekla set off with the following items: a +0 dagger, a
                  | scroll of blinking, a +0 robe, a +0 pair of gloves; and the
                  | following spells available to memorise: Necrotise, Scorch,
                  | Foxfire, Vampiric Draining, Volatile Blastmotes.
     0 | D:1      | Reached XP level 1. HP: 13/13 MP: 2/2
   141 | D:1      | Slain by a kobold

Illustrated notes

Levels and vault maps discovered:
D:1:      dpeg_arrival_stone_temple_mockup, layout_basic, corexii_corridor_pit,
          chequers_serial_rivers_small_b

Action                     || total
---------------------------++-------
  Melee: Dagger            ||    20
 Armour: Robe              ||     4
  Dodge: Dodged            ||    17
